 Dungeon Crawl Stone Soup version 0.31.0-9-g3a7656b989 (webtiles) character file.

Game seed: 17146275781251294304

308 Peloso the Slasher (level 6, 0/53 HPs)
             Began as a Minotaur Fighter on Jan 26, 2024.
             Slain by Pikel
             ... wielding a +0 whip of flaming
              (1 damage)
             ... on level 3 of the Dungeon.
             The game lasted 00:06:04 (3099 turns).

Peloso the Slasher (Minotaur Fighter)               Turns: 3099, Time: 00:06:05

Health: 0/53       AC:  9    Str: 21    XL:     6   Next: 17%
Magic:  5/5        EV: 10    Int:  5    God:
Gold:   144        SH:  5    Dex: 11    Spells: 5/5 levels left

rFire   . . .        a - +0 long sword
rCold   . . .        d - +0 buckler
rNeg    . . .        b - +2 scale mail {rPois}
rPois   +            (helmet restricted)
rElec   .            (no cloak)
rCorr   .            (no gloves)
SInv    .            (no boots)
Will    .....        (no amulet) Stlth
                     (no ring)
HPRegen 0.28/turn    (no ring)
MPRegen 0.09/turn

%: no passive effects
@: mighty
A: horns 2, retaliatory headbutt
a: no special abilities


You were on level 3 of the Dungeon.
You visited 1 branch of the dungeon, and saw 4 of its levels.

You collected 144 gold pieces.

Inventory:

Hand Weapons
 a - a +0 long sword (weapon)
Armour
 b - a +2 scale mail of poison resistance (worn)
 c - a +0 chain mail
 d - a +0 buckler (worn)
Jewellery
 h - a ring of ice
Wands
 n - a wand of mindburst (2)
Scrolls
 e - 2 scrolls of enchant armour {unknown}
 f - a scroll of butterflies {unknown}
 g - a scroll of amnesia {unknown}
 j - a scroll of enchant weapon {unknown}
 k - a scroll of immolation {unknown}
Potions
 i - 2 potions of attraction {unknown}
 m - a potion of haste {unknown}


   Skills:
 + Level 4.5 Fighting
 + Level 5.4 Long Blades
 + Level 4.8 Armour
 + Level 1.6 Dodging
 + Level 0.3 Stealth
 + Level 4.6 Shields


You had 5 spell levels left.
You didn't know any spells.
Your spell library contained the following spells:

 Spells                   Type           Power      Damage    Failure   Level
 Necrotise                Necr           0%         1d4       86%         1
 Sting                    Conj/Alch      0%         1d3       86%         1
 Cigotuvi's Dreadful Rot  Necr/Alch/Air  0%         N/A       95%         2
 Mercury Vapours          Alch/Air       0%         N/A       95%         2
 Vampiric Draining        Necr           0%         2d6       99%         3
 Ignite Poison            Fire/Alch      0%         N/A       100%        4
 Martyr's Knell           Necr/Summ      0%         N/A       100%        4
 Olgreb's Toxic Radiance  Alch           0%         N/A       100%        4
 Curse of Agony           Necr           0%         N/A       100%        5
 Freezing Cloud           Conj/Ice/Air   0%         6-21      100%        5
 Summon Forest            Summ/Tloc      0%         N/A       100%        5
 Summon Hydra             Summ           0%         N/A       100%        7
 Summon Horrible Things   Summ           0%         N/A       100%        8


Dungeon Overview and Level Annotations

Branches:
Dungeon (4/15)
 Temple: D:4-7

Altars:
Kikubaaqudgha
Sif Muna
The Shining One

Annotations:
D:3 Pikel


Innate Abilities, Weirdness & Mutations

You have a pair of horns on your head.
You reflexively headbutt those who attack you in melee.


Message History

You barely miss Pikel.
Pikel is heavily wounded.
Pikel hits you with a +0 whip of flaming.
Pikel burns you.
You hit Pikel but do no damage.
Pikel is heavily wounded.
Pikel hits you with a +0 whip of flaming.
Pikel burns you.
Pikel hits you with a +0 whip of flaming.
Pikel burns you.
You hit Pikel but do no damage.
Pikel is heavily wounded.
Pikel hits you with a +0 whip of flaming.
Pikel burns you.
You closely miss Pikel.
Pikel is heavily wounded.
Pikel barely misses you.
You closely miss Pikel.
Pikel is heavily wounded.
Pikel hits you with a +0 whip of flaming.
Pikel burns you.
You closely miss Pikel.
Pikel is heavily wounded.
Pikel hits you with a +0 whip of flaming.
* * * LOW HITPOINT WARNING * * *
Pikel burns you.
* * * LOW HITPOINT WARNING * * *
You feel very mighty all of a sudden.
Pikel hits you with a +0 whip of flaming.
* * * LOW HITPOINT WARNING * * *
Pikel burns you.
* * * LOW HITPOINT WARNING * * *
Unknown command.
You hit Pikel.
Pikel is heavily wounded.
Pikel hits you with a +0 whip of flaming.
* * * LOW HITPOINT WARNING * * *
Pikel burns you.
You die...
Pikel says, "Another soul for the market."

####[....##.#
##....#8....######
...#<.......# #.....###..###
.)..).......# #.....#_...._#
## ............#
#.....##8.)8## #.
+#...#....#.####......#...##
#.
.#........#................#
#.
............#..............#
#.
............#...K#....)....#
#.
............+...@#.........#
#.
###.........#....#....######
#. #..........######....#
###. ##.[.......## ######
#... ....<.#....# #.##
###...##.### ######### #.#
.........# #.......# #.#
################ #.#####.#
#)# #...........# #.#
#.#####.#


You could see Pikel.

Vanquished Creatures
  2 orc priests (D:3)
  Natasha (thrice) (D:3)
  An orc wizard (D:2)
  4 gnolls
  An adder (D:2)
  2 dart slugs (D:2)
  2 ribbon worms (D:2)
  12 orcs
  3 ball pythons
  9 bats
  5 endoplasms
  3 giant cockroaches
  7 goblins
  5 hobgoblins (D:1)
  11 jackals (D:1)
  7 kobolds
  2 frilled lizards
  4 rats
83 creatures vanquished.

Notes
Turn   | Place    | Note
-------+----------+-------------------------------------------
     0 | D:1      | Peloso the Minotaur Fighter began the quest for the Orb.
     0 | D:1      | Reached XP level 1. HP: 19/19 MP: 0/0
    37 | D:1      | Reached XP level 2. HP: 24/27 MP: 1/1
   319 | D:1      | Reached XP level 3. HP: 33/33 MP: 2/2
   365 | D:1      | Reached skill level 3 in Long Blades
   719 | D:1      | Found a faded altar of an unknown god.
  1235 | D:2      | Reached skill level 1 in Dodging
  1264 | D:2      | Reached XP level 4. HP: 40/40 MP: 3/3
  1608 | D:3      | Got the Elucidation of Adjuration
  2077 | D:3      | Found a shimmering blue altar of Sif Muna.
  2083 | D:3      | Found a glowing golden altar of the Shining One.
  2091 | D:3      | Found an ancient bone altar of Kikubaaqudgha.
  2207 | D:3      | Reached skill level 4 in Long Blades
  2249 | D:3      | Noticed Natasha
  2251 | D:3      | Reached XP level 5. HP: 19/47 MP: 4/4
  2370 | D:3      | Killed Natasha
  2519 | D:3      | Noticed Natasha
  2527 | D:3      | Killed Natasha
  2571 | D:3      | Noticed Natasha
  2576 | D:3      | Killed Natasha
  2711 | D:2      | Reached skill level 5 in Long Blades
  2711 | D:2      | Reached XP level 6. HP: 49/53 MP: 5/5
  3059 | D:4      | Noticed Pikel
  3099 | D:3      | HP: 1/53 [Pikel/+0 whip of flaming (6)]
  3099 | D:3      | Slain by Pikel

Illustrated notes

Levels and vault maps discovered:
D:1:      amcnicky_arrival_choice, layout_basic, ebering_ecumenical_altar_hall,
          st_stairs_13
D:2:      layout_loops_ring
D:3:      layout_basic, minitemple, minmay_misc_feat_room, uniq_natasha
D:4:      layout_layer_cave, serial_bayou_pond_c, nicolae_zen_rock_garden,
          uniq_pikel

Skill      XL: |  1  2  3  4  5 |
---------------+----------------+-----
Armour         | 4 |  4.8
Fighting       | 4 |  4.5
Shields        | 4 |  4.6
Long Blades    | 3 4 5 |  5.4
Dodging        | 1 |  1.6
Stealth        | |  0.3

Action                     |  1- 3 |  4- 6 || total
---------------------------+-------+-------++-------
  Melee: Long sword        |    77 |   112 ||   189
         Headbutt          |    16 |    18 ||    34
    Use: Potion            |       |     3 ||     3
 Armour: Scale mail        |    68 |    67 ||   135
         Chain mail        |       |    38 ||    38
  Dodge: Dodged            |    50 |    51 ||   101
  Block: Buckler           |    23 |    25 ||    48
